NYP
EVERETT AQUASOX @ CHICAGO (NYP) WHITE SOX
09/15/2044
 
TOP OF THE 1ST
Everett AquaSox batting - Pitching for Chicago (NYP) White Sox : RHP Cole Wanat
Pitching: RHP Cole Wanat
Batting: RHB Kikuo Sato 0-0: Called Strike
0-1: Ball
1-1: Called Strike
1-2: Strikes out looking
Batting: RHB Salvador Avina 0-0: Ball
1-0: Foul Ball, location: 2F
1-1: Ball
2-1: Foul Ball, location: 2F
2-2: Ground out 6-3 (Groundball, 6M, EV 98.1 MPH)
Batting: LHB Jawad Fahad 0-0: Ball
1-0: Called Strike
1-1: Ball
2-1: Ball
3-1: SINGLE (Groundball, 4MD, EV 95.6 MPH)
Batting: RHB Hideo Okimura 0-0: SINGLE (Groundball, 34D, EV 104.4 MPH)
Jawad Fahad to second
Runner from 2nd tries for 3rd, SAFE, no throw by RF
Batting: RHB Josh Mauer Pickoff Throw to First - Out! 1-3
Top of the 1st over - 0 runs, 2 hits, 0 errors, 1 left on base; Everett 0 - Chicago (NYP) 0
BOTTOM OF THE 1ST
Chicago (NYP) White Sox batting - Pitching for Everett AquaSox : RHP Adam Fair
Pitching: RHP Adam Fair
Batting: RHB Dusty Ballard 0-0: Foul Ball, location: 2F
0-1: Foul Ball, location: 2F
0-2: Strikes out looking
Batting: RHB Emil Wilbrink 0-0: Ball
1-0: Ball
2-0: Called Strike
2-1: Ball
3-1: Called Strike
3-2: Foul Ball, location: 2F
3-2: Foul Ball, location: 2F
3-2: Base on Balls
Batting: RHB Justin Usner 0-0: Ball
1-0: Ball
2-0: Called Strike
2-1: Foul Ball, location: 2F
2-2: Grounds into double play, 5-4-3 (Groundball, 56, EV 89.4 MPH)
Bottom of the 1st over - 0 runs, 0 hits, 0 errors, 0 left on base; Everett 0 - Chicago (NYP) 0
TOP OF THE 2ND
Everett AquaSox batting - Pitching for Chicago (NYP) White Sox : RHP Cole Wanat
Batting: RHB Josh Mauer 0-0: Called Strike
0-1: Ball
1-1: Ball
2-1: Foul Ball, location: 2F
2-2: Strikes out swinging
Batting: RHB Clay Statum 0-0: Ball
1-0: Ground out 5-3 (Groundball, 56S, EV 66.2 MPH)
Batting: SHB Raghnall Ahearne 0-0: Swinging Strike
0-1: Ball
1-1: Called Strike
1-2: Strikes out swinging
Top of the 2nd over - 0 runs, 0 hits, 0 errors, 0 left on base; Everett 0 - Chicago (NYP) 0
BOTTOM OF THE 2ND
Chicago (NYP) White Sox batting - Pitching for Everett AquaSox : RHP Adam Fair
Batting: LHB Brandon Hopper 0-0: Ball
1-0: Swinging Strike
1-1: SINGLE (Line Drive, 7S, EV 104.4 MPH)
Batting: LHB Jason Bell 0-0: Called Strike
0-1: Ball
1-1: Fly out, F8 (Flyball, 8RS, EV 71.9 MPH)
Batting: RHB Mitch Cuadros 0-0: Called Strike
Brandon Hopper is caught stealing 2nd base 2-4
0-1: Ball
1-1: Ball
2-1: Ball
3-1: Base on Balls
Batting: LHB Ray Walden 0-0: Foul Ball, location: 2F
0-1: DOUBLE (Line Drive, 89XD, EV 100.6 MPH)
Mitch Cuadros to third
Batting: SHB Jason Bresnahan 0-0: Called Strike
0-1: Ball
1-1: Ball
2-1: SINGLE (Groundball, 6M, EV 111.9 MPH) (infield hit)
Mitch Cuadros scores
Ray Walden to third
Batting: RHB David Laureano 0-0: Ball
Wild Pitch!
Ray Walden scores
Jason Bresnahan to second
1-0: Foul Ball, location: 2F
1-1: Ball
2-1: SINGLE (Groundball, 56S, EV 64.4 MPH) (infield hit)
Jason Bresnahan to third
Batting: RHB Dusty Ballard 0-0: Ball
1-0: Called Strike
1-1: Called Strike
1-2: Strikes out swinging
Bottom of the 2nd over - 2 runs, 4 hits, 0 errors, 2 left on base; Everett 0 - Chicago (NYP) 2
TOP OF THE 3RD
Everett AquaSox batting - Pitching for Chicago (NYP) White Sox : RHP Cole Wanat
Batting: LHB Leão Alvide 0-0: Called Strike
0-1: Foul Ball, location: 2F
0-2: Strikes out swinging
Batting: SHB Ryan Clark 0-0: Called Strike
0-1: Ground out U3 (Groundball, 34S, EV 90.0 MPH)
Batting: RHB Kikuo Sato 0-0: Ball
1-0: Foul Ball, location: 2F
1-1: Called Strike
1-2: Foul Ball, location: 2F
1-2: Strikes out swinging
Top of the 3rd over - 0 runs, 0 hits, 0 errors, 0 left on base; Everett 0 - Chicago (NYP) 2
BOTTOM OF THE 3RD
Chicago (NYP) White Sox batting - Pitching for Everett AquaSox : RHP Adam Fair
Batting: RHB Emil Wilbrink 0-0: Called Strike
0-1: Ball
1-1: Ground out 6-3 (Groundball, 56, EV 82.5 MPH)
Batting: RHB Justin Usner 0-0: Ball
1-0: Ball
2-0: SINGLE (Groundball, 56, EV 85.6 MPH) (infield hit)
Batting: LHB Brandon Hopper 0-0: Called Strike
Justin Usner is caught stealing 2nd base 2-6
0-1: Ball
1-1: SINGLE (Flyball, 5D, EV 92.5 MPH)
Batting: LHB Jason Bell 0-0: Ball
1-0: Foul Ball, location: 2F
1-1: Ball
Wild Pitch!
Brandon Hopper to second
2-1: Called Strike
2-2: Ground out 4-3 (Groundball, 4, EV 105.0 MPH)
Bottom of the 3rd over - 0 runs, 2 hits, 0 errors, 1 left on base; Everett 0 - Chicago (NYP) 2
TOP OF THE 4TH
Everett AquaSox batting - Pitching for Chicago (NYP) White Sox : RHP Cole Wanat
Batting: RHB Salvador Avina 0-0: Fly out, F8 (Line Drive, 8LD, EV 94.4 MPH)
Batting: LHB Jawad Fahad 0-0: Ball
1-0: Called Strike
1-1: Called Strike
1-2: Ball
2-2: Foul Ball, location: 2F
2-2: Ball
3-2: Base on Balls
Batting: RHB Hideo Okimura 0-0: Ball
Wild Pitch!
Jawad Fahad to second
1-0: Ball
2-0: SINGLE (Flyball, 4MD, EV 88.8 MPH)
Jawad Fahad to third
Batting: RHB Josh Mauer 0-0: Foul Ball, location: 2F
0-1: Ball
1-1: Swinging Strike
1-2: Strikes out swinging
Batting: RHB Clay Statum 0-0: Called Strike
0-1: Ball
Wild Pitch!
Jawad Fahad scores
Hideo Okimura to second
1-1: Foul Ball, location: 2F
1-2: Foul Ball, location: 2F
1-2: Ball
2-2: Foul Ball, location: 2F
2-2: Foul Ball, location: 2F
2-2: Strikes out looking
Top of the 4th over - 1 run, 1 hit, 0 errors, 1 left on base; Everett 1 - Chicago (NYP) 2
BOTTOM OF THE 4TH
Chicago (NYP) White Sox batting - Pitching for Everett AquaSox : RHP Adam Fair
Batting: RHB Mitch Cuadros 0-0: Swinging Strike
0-1: Foul Ball, location: 2F
0-2: Fly out, F8 (Flyball, 8RM, EV 85.6 MPH)
Batting: LHB Ray Walden 0-0: Foul Ball, location: 2F
0-1: Foul Ball, location: 2F
0-2: Ground out 1-3 (Groundball, 15S, EV 61.9 MPH)
Batting: SHB Jason Bresnahan 0-0: Called Strike
0-1: SINGLE (Line Drive, 4M, EV 97.5 MPH)
Batting: RHB David Laureano 0-0: Ball
1-0: Called Strike
1-1: Ball
2-1: Called Strike
Jason Bresnahan steals 2nd base
2-2: Strikes out looking
Bottom of the 4th over - 0 runs, 1 hit, 0 errors, 1 left on base; Everett 1 - Chicago (NYP) 2
TOP OF THE 5TH
Everett AquaSox batting - Pitching for Chicago (NYP) White Sox : RHP Cole Wanat
Batting: SHB Raghnall Ahearne 0-0: Ball
1-0: Called Strike
1-1: Foul Ball, location: 2F
1-2: Strikes out swinging, 2-3 out at first.
Batting: LHB Leão Alvide 0-0: Called Strike
0-1: Ball
1-1: Ground out 4-3 (Groundball, 4, EV 81.2 MPH)
Batting: SHB Ryan Clark 0-0: Called Strike
0-1: Foul Ball, location: 2F
0-2: Strikes out swinging
Top of the 5th over - 0 runs, 0 hits, 0 errors, 0 left on base; Everett 1 - Chicago (NYP) 2
BOTTOM OF THE 5TH
Chicago (NYP) White Sox batting - Pitching for Everett AquaSox : RHP Adam Fair
Batting: RHB Dusty Ballard 0-0: Ball
1-0: Ball
2-0: Ball
3-0: Called Strike
3-1: Base on Balls
Batting: RHB Emil Wilbrink 0-0: Called Strike
0-1: Ball
1-1: Ball
2-1: Foul Ball, location: 2F
2-2: Foul Ball, location: 2F
2-2: Ball
3-2: Base on Balls
Dusty Ballard to second
Batting: RHB Justin Usner 0-0: Ball
1-0: Foul Ball, location: 2F
1-1: Ball
2-1: Ball
3-1: SINGLE (Groundball, 34D, EV 103.1 MPH)
Dusty Ballard to third
Emil Wilbrink to second
Batting: LHB Brandon Hopper 0-0: Ball
1-0: SINGLE (Line Drive, 7S, EV 100.0 MPH)
Dusty Ballard scores
Emil Wilbrink to third
Justin Usner to second
Batting: LHB Jason Bell 0-0: Foul Ball, location: 2F
0-1: Ball
1-1: Fly out, F9 (Flyball, 9, EV 92.5 MPH)
Runner from 3rd tags up, SCORES, no throw by RF
Batting: RHB Mitch Cuadros 0-0: Called Strike
0-1: Ball
1-1: Ball
2-1: Swinging Strike
2-2: 3-RUN HOME RUN (Flyball, 7D, EV 100.0 MPH), Distance : 391 ft
Pitching: LHP Mike Stewart
Batting: LHB Ray Walden 0-0: Ball
1-0: Called Strike
1-1: Ball
2-1: Ball
3-1: Base on Balls
Batting: SHB Jason Bresnahan 0-0: Called Strike
0-1: Grounds into double play, 6-4-3 (Groundball, 6, EV 85.6 MPH)
Bottom of the 5th over - 5 runs, 3 hits, 0 errors, 0 left on base; Everett 1 - Chicago (NYP) 7
TOP OF THE 6TH
Everett AquaSox batting - Pitching for Chicago (NYP) White Sox : RHP Cole Wanat
Batting: RHB Kikuo Sato 0-0: Ball
1-0: Called Strike
1-1: Swinging Strike
1-2: Ball
2-2: Strikes out looking
Batting: RHB Salvador Avina 0-0: Called Strike
0-1: Ground out U3 (Groundball, 34, EV 86.2 MPH)
Batting: LHB Jawad Fahad 0-0: Ball
1-0: Ball
2-0: Ball
3-0: Called Strike
3-1: Base on Balls
Batting: RHB Hideo Okimura 0-0: Ball
1-0: Called Strike
1-1: Ball
2-1: Foul Ball, location: 2F
2-2: Ball
3-2: Fly out, F8 (Flyball, 89XD, EV 98.1 MPH)
Top of the 6th over - 0 runs, 0 hits, 0 errors, 1 left on base; Everett 1 - Chicago (NYP) 7
BOTTOM OF THE 6TH
Chicago (NYP) White Sox batting - Pitching for Everett AquaSox : LHP Mike Stewart
Batting: RHB David Laureano 0-0: Ball
1-0: Foul Ball, location: 2F
1-1: Fly out, F9 (Flyball, 9S, EV 89.4 MPH)
Batting: RHB Dusty Ballard 0-0: Swinging Strike
0-1: Called Strike
0-2: Ball
1-2: Strikes out looking
Batting: RHB Emil Wilbrink 0-0: Ball
1-0: Swinging Strike
1-1: Swinging Strike
1-2: Strikes out swinging
Bottom of the 6th over - 0 runs, 0 hits, 0 errors, 0 left on base; Everett 1 - Chicago (NYP) 7
TOP OF THE 7TH
Everett AquaSox batting - Pitching for Chicago (NYP) White Sox : RHP Cole Wanat
Batting: RHB Josh Mauer 0-0: Fly out, F9 (Flyball, 89D, EV 95.6 MPH)
Batting: RHB Clay Statum 0-0: Ball
1-0: Swinging Strike
1-1: Foul Ball, location: 2F
1-2: Ball
2-2: Strikes out looking
Batting: SHB Raghnall Ahearne 0-0: Ball
1-0: Ball
2-0: Ball
3-0: Called Strike
3-1: Called Strike
3-2: Foul Ball, location: 2F
3-2: Base on Balls
Pitching: RHP Miguel Romero
Batting: LHB Leão Alvide 0-0: Called Strike
0-1: Ball
1-1: Ball
Raghnall Ahearne steals 2nd base
2-1: Ball
3-1: Foul Ball, location: 2F
3-2: Ground out 4-3 (Groundball, 4, EV 97.5 MPH)
Top of the 7th over - 0 runs, 0 hits, 0 errors, 1 left on base; Everett 1 - Chicago (NYP) 7
BOTTOM OF THE 7TH
Chicago (NYP) White Sox batting - Pitching for Everett AquaSox : LHP Mike Stewart
Batting: RHB Justin Usner 0-0: Called Strike
0-1: Swinging Strike
0-2: Ball
1-2: Foul Ball, location: 2F
1-2: DOUBLE (Flyball, 7LD, EV 95.6 MPH)
Batting: LHB Brandon Hopper 0-0: Called Strike
0-1: Ball
1-1: Ball
2-1: Ball
3-1: Foul Ball, location: 2F
3-2: Ground out 3-1 (Groundball, 34, EV 86.9 MPH)
Justin Usner to third
Pitching: RHP Yat-sen Zhen
Batting: LHB Jason Bell 0-0: Called Strike
0-1: Swinging Strike
0-2: Strikes out swinging
Batting: RHB Mitch Cuadros 0-0: Called Strike
0-1: Ball
Balk!
Justin Usner scores
1-1: Ball
2-1: Ball
3-1: Base on Balls
Batting: LHB Ray Walden 0-0: Ball
1-0: Called Strike
1-1: Ball
2-1: Ball
3-1: Base on Balls
Mitch Cuadros to second
Batting: SHB Jason Bresnahan 0-0: Foul Ball, location: 2F
0-1: Called Strike
0-2: Ball
1-2: Ball
2-2: Ground out 4-3 (Groundball, 4, EV 101.2 MPH)
Bottom of the 7th over - 1 run, 1 hit, 0 errors, 2 left on base; Everett 1 - Chicago (NYP) 8
TOP OF THE 8TH
Everett AquaSox batting - Pitching for Chicago (NYP) White Sox : RHP Miguel Romero
Batting: SHB Ryan Clark 0-0: Ball
1-0: Called Strike
1-1: Ball
2-1: Reached via error on a dropped throw from 1B, E1 (Groundball, 34, EV 87.5 MPH)
Batting: RHB Kikuo Sato 0-0: Called Strike
0-1: Fielders Choice at 2nd, 6-4 (Groundball, 6, EV 101.9 MPH)
Batting: RHB Salvador Avina 0-0: Called Strike
0-1: Ball
1-1: 2-RUN HOME RUN (Flyball, 89XD, EV 108.1 MPH), Distance : 436 ft
Batting: LHB Jawad Fahad 0-0: Ball
1-0: Fly out, F7 (Flyball, 7LS, EV 85.6 MPH)
Batting: RHB Hideo Okimura 0-0: Swinging Strike
0-1: Called Strike
0-2: Ball
1-2: Ball
2-2: Foul Ball, location: 2F
2-2: Strikes out looking
Top of the 8th over - 2 runs, 1 hit, 1 error, 0 left on base; Everett 3 - Chicago (NYP) 8
BOTTOM OF THE 8TH
Chicago (NYP) White Sox batting - Pitching for Everett AquaSox : RHP Yat-sen Zhen
Batting: RHB David Laureano 0-0: Ball
1-0: Called Strike
1-1: Ball
2-1: Ground out 6-3 (Groundball, P, EV 86.2 MPH)
Batting: RHB Dusty Ballard 0-0: Foul Ball, location: 2F
0-1: Foul Ball, location: 2F
0-2: Foul Ball, location: 2F
0-2: Foul Ball, location: 2F
0-2: Strikes out looking
Batting: RHB Emil Wilbrink 0-0: Called Strike
0-1: Swinging Strike
0-2: Strikes out swinging
Bottom of the 8th over - 0 runs, 0 hits, 0 errors, 0 left on base; Everett 3 - Chicago (NYP) 8
TOP OF THE 9TH
Everett AquaSox batting - Pitching for Chicago (NYP) White Sox : RHP Miguel Romero
Batting: RHB Josh Mauer 0-0: Swinging Strike
0-1: Foul Ball, location: 2F
0-2: SINGLE (Groundball, 4MS, EV 68.8 MPH) (infield hit)
Batting: RHB Clay Statum 0-0: Ball
1-0: Ground out 4-3 (Groundball, 4S, EV 75.0 MPH)
Josh Mauer to second
Batting: SHB Raghnall Ahearne 0-0: Ball
1-0: Ball
2-0: Ball
3-0: Base on Balls
Batting: LHB Leão Alvide 0-0: Ball
1-0: 3-RUN HOME RUN (Flyball, 89XD, EV 115.6 MPH), Distance : 449 ft
Pitching: RHP Jose Vigil
Pinch Hitting: RHB John Peterson 0-0: DOUBLE (Line Drive, 89XD, EV 101.9 MPH)
Batting: RHB Kikuo Sato 0-0: Called Strike
0-1: Called Strike
0-2: Ball
1-2: Ball
2-2: Strikes out swinging
Batting: RHB Salvador Avina 0-0: Ball
1-0: Fly out, F8 (Flyball, 8LM, EV 85.0 MPH)
Top of the 9th over - 3 runs, 3 hits, 0 errors, 1 left on base; Everett 6 - Chicago (NYP) 8
Thursday, March 31st , 2022 - OOTP Baseball 22.12 Build 89